 Dungeon Sprint DCSS version 0.24.1 (webtiles) character file.

Game seed: 16546246147567043648, levelgen mode: deterministic

1536 Findor the Spear-Bearer (level 8, -10/50 HPs)
             Began as an Octopode Gladiator on Mar 25, 2020.
             Was an Initiate of Gozag.
             Mangled by a 14-headed hydra (14 damage)
             ... in the Dungeon (Sprint IX: "|||||||||||||||||||||||||||||").
             The game lasted 00:04:20 (735 turns).

Findor the Spear-Bearer (Octopode Gladiator)         Turns: 735, Time: 00:04:20

Health: -10/50     AC:  3    Str: 15    XL:     8   Next: 86%
Magic:  8/8        EV: 28    Int: 13    God:    Gozag
Gold:   104        SH:  0    Dex: 19    Spells: 7/7 levels left

rFire    + . .     SeeInvis .   n - +2 halberd (venom)
rCold    + . .     Gourm    .   (shield currently unavailable)
rNeg     . . .     Faith    .   b - +0 hat
rPois    +         Spirit   .   (no amulet)
rElec    +         Reflect  .   p - +2 ring of protection
rCorr    +         Harm     .   o - +3 ring of intelligence
MR       .....     NoTele   +   (no ring)
Stlth    ++++......             (no ring)
HPRegen  0.16/turn              (no ring)
MPRegen  0.11/turn              (no ring)
                                (no ring)
                                (no ring)

@: agile, resistant, gold aura, flying, very slightly contaminated, invisible
A: almost no armour, stealthy swim, amphibious, 8 rings, constrict 8, camouflage
1, gelatinous body 1
a: Potion Petition, Call Merchant, Bribe Branch, Renounce Religion


You were in the Dungeon.
You worshipped Gozag.
Gozag was aware of your devotion.
You were not hungry.

You visited 1 branch You collected 779 gold pieces.
You paid 675 gold pieces to Gozag.


Innate Abilities, Weirdness & Mutations

You cannot wear most types of armour.
You are very stealthy in the water. (Stealth+)
You are amphibious.
You can wear up to eight rings at the same time.
You can use your tentacles to constrict eight enemies at once.
Your skin changes colour to match your surroundings (Stealth+).
Your rubbery body absorbs attacks. (AC +1, EV +1)


   Skills:
 - Level 2.0 Fighting
 * Level 14.8 Polearms
 - Level 2.0 Throwing
 * Level 12.0 Dodging


You had 7 spell levels left.
You didn't know any spells.
Your spell library contained the following spells:

 Spells                   Type           Power        Failure   Level  Hunger
 Ozocubu's Armour         Chrm/Ice       #.......     67%         3    ####...
 Regeneration             Chrm/Necr      #.........   67%         3    ####...
 Spectral Weapon          Hex/Chrm       #.......     67%         3    ####...
 Iskenderun's Battlesphe  Conj/Chrm      #.......     100%        5    ######.
 Deflect Missiles         Chrm/Air       #.........   100%        6    #######

Inventory:

Hand Weapons
 a - a +0 trident
 n - a +2 halberd of venom (weapon)
   (You found it in the Dungeon)
Missiles
 c - 3 throwing nets (quivered) {!f}
Armour
 b - a +0 hat (worn)
Jewellery
 o - a +3 ring of intelligence (right tentacle)
   (You found it in the Dungeon)
 p - a +2 ring of protection (left tentacle)
   (You found it in the Dungeon)
Wands
 x - a wand of acid (10)
   (You found it in the Dungeon)
Scrolls
 j - a scroll of blinking
 l - 5 scrolls of remove curse {@r2}
 m - 2 scrolls of amnesia
 r - 2 scrolls of enchant weapon
 s - a scroll of fog
 t - a scroll of fear
Potions
 e - 2 potions of curing {@q1}
 f - 3 potions of heal wounds {@q2}
 g - a potion of might
 h - 4 potions of magic
 k - a potion of agility
 q - a potion of brilliance
Comestibles
 d - a ration


Message History

The ten-headed hydra completely misses you.
The ten-headed hydra closely misses you. x2
The ten-headed hydra misses you.
The ten-headed hydra completely misses you.
You lop one of the ten-headed hydra's heads off!
The nine-headed hydra grows two more!
You puncture the 11-headed hydra!
The 11-headed hydra looks as sick as possible!
The water moccasin looks more healthy.
The 11-headed hydra misses you.
The 11-headed hydra completely misses you. x2
The 11-headed hydra misses you.
The 11-headed hydra completely misses you. x2
The 11-headed hydra barely misses you.
The 11-headed hydra completely misses you. x2
The 11-headed hydra barely misses you. The 11-headed hydra closely misses you.
You chop one of the 11-headed hydra's heads off!
The ten-headed hydra grows two more!
You slash the 12-headed hydra! You barely miss the 12-headed hydra.
You squeeze the 12-headed hydra.
The 12-headed hydra completely misses you.
The 12-headed hydra misses you.
The 12-headed hydra completely misses you. x3
The 12-headed hydra closely misses you. The 12-headed hydra bites you.
The 12-headed hydra misses you. x3
The 12-headed hydra completely misses you.
The 12-headed hydra barely misses you.
You strike the helpless 12-headed hydra from behind!
You slice one of the 12-headed hydra's heads off!
The 11-headed hydra grows two more!
You slash the 13-headed hydra!
The 13-headed hydra looks as sick as possible!
The water moccasin becomes distracted by the nearby gold, dreaming of imaginary riches.
You catch the helpless 13-headed hydra completely off-guard!
You chop one of the 13-headed hydra's heads off!
The 12-headed hydra grows two more!
You slash the 14-headed hydra!
The komodo dragon hisses angrily.
You squeeze the 14-headed hydra.
The water moccasin is no longer distracted by gold.
The 14-headed hydra completely misses you.
The 14-headed hydra barely misses you.
The 14-headed hydra completely misses you.
The 14-headed hydra misses you. The 14-headed hydra bites you!
* * * LOW HITPOINT WARNING * * *
The 14-headed hydra misses you.
The 14-headed hydra completely misses you.
The 14-headed hydra bites you.
* * * LOW HITPOINT WARNING * * *
The 14-headed hydra bites you!
* * * LOW HITPOINT WARNING * * *
The 14-headed hydra misses you. The 14-headed hydra barely misses you.
The 14-headed hydra bites you!
You die...
Your body crumbles into a pile of gold.

▓▓▓▓▓▓▓▓▓▓▓▓▓▓▓▓▓▓▓▓▓▓▓▓▓▓▓▓▓▓▓▓▓
▓<...).)÷..÷.....'_______________
▓▓▓▓▓▓▓▓▓▓▓▓▓▓▓▓▓▓▓▓▓▓▓▓▓▓▓▓▓▓▓▓▓
▓................................
▓.▓▓▓▓▓▓▓▓▓▓▓▓▓▓▓▓▓▓▓▓▓▓▓▓▓▓▓▓▓▓▓
▓.......'.......@DS...l.$..SlDF.
▓▓▓▓▓▓▓▓▓▓▓▓▓▓▓▓▓▓▓▓▓▓▓▓▓▓▓▓▓▓▓▓


$$$$$$$$$$$$$ $$$$ You could see a 14-headed hydra (wandering), a komodo dragon
(wandering) and a water moccasin (wandering).

Vanquished Creatures
  A komodo dragon (D)
  A troll (D)
  A hornet (shapeshifter) (D)
  A shadow (D)
  2 water moccasins (D)
  A necrophage (D)
  A phantom (D)
  A black bear (D)
  A crocodile (D)
  A wight (D)
  A jelly (D)
  2 hounds (D)
  A worker ant (D)
  An adder (D)
  An adder skeleton (D)
  A leopard gecko (D)
  2 orcs (D)
  2 bats (D)
  A goblin (D)
  2 kobolds (D)
  A leopard gecko zombie (D)
26 creatures vanquished.

Notes
Turn   | Place    | Note
-------+----------+-------------------------------------------
     0 | D        | Findor the Octopode Gladiator began the quest for the Orb.
     0 | D        | Reached XP level 1. HP: 14/14 MP: 1/1
     9 | D        | Reached skill level 4 in Polearms
    26 | D        | Noticed a phantom
    26 | D        | Noticed a hound
    33 | D        | Killed a hound
    33 | D        | Reached skill level 7 in Polearms
    33 | D        | Reached XP level 2. HP: 19/19 MP: 2/2
    33 | D        | Reached XP level 3. HP: 24/24 MP: 3/3
    42 | D        | Killed a phantom
    42 | D        | Reached skill level 10 in Polearms
    42 | D        | Reached XP level 4. HP: 29/29 MP: 4/4
    42 | D        | Reached XP level 5. HP: 34/34 MP: 5/5
   187 | D        | Found a roughly hewn altar of Beogh.
   187 | D        | Found a snail-covered altar of Cheibriados.
   187 | D        | Found a shadowy altar of Dithmenos.
   187 | D        | Found a white marble altar of Elyvilon.
   187 | D        | Found a blossoming altar of Fedhas.
   187 | D        | Found an opulent altar of Gozag.
   188 | D        | Found a hazy altar of Hepliaklqana.
   189 | D        | Found a viscous altar of Jiyva.
   190 | D        | Found an ancient bone altar of Kikubaaqudgha.
   191 | D        | Found a corrupted altar of Lugonu.
   192 | D        | Found a burning altar of Makhleb.
   193 | D        | Found a sparkling altar of Nemelex Xobeh.
   194 | D        | Found an iron altar of Okawaru.
   195 | D        | Became a worshipper of Gozag Ym Sagoz the Greedy
   196 | D        | Found a stormy altar of Qazlal.
   197 | D        | Found a sacrificial altar of Ru.
   198 | D        | Found a shimmering blue altar of Sif Muna.
   199 | D        | Found a bloodstained altar of Trog.
   200 | D        | Found a hide-covered altar of Uskayaw.
   201 | D        | Found a radiant altar of Vehumet.
   202 | D        | Found an ornate altar of the Wu Jian Council.
   203 | D        | Found a shimmering altar of Xom.
   204 | D        | Found a basalt altar of Yredelemnul.
   205 | D        | Found a glowing silver altar of Zin.
   206 | D        | Found a glowing golden altar of the Shining One.
   240 | D        | Noticed a black bear
   240 | D        | Noticed a necrophage
   247 | D        | Killed a black bear
   247 | D        | Reached skill level 11 in Polearms
   247 | D        | Reached XP level 6. HP: 38/39 MP: 6/6
   253 | D        | Reached skill level 6 in Dodging
   258 | D        | Killed a necrophage
   261 | D        | Reached skill level 12 in Polearms
   358 | D        | Noticed a shadow
   358 | D        | Noticed a spriggan
   358 | D        | Noticed a troll
   359 | D        | Noticed a rime drake
   359 | D        | a spriggan changed into a rime drake
   363 | D        | a rime drake changed into a tengu
   374 | D        | Reached XP level 7. HP: 17/44 MP: 7/7
   382 | D        | Noticed a hornet
   382 | D        | a tengu changed into a hornet
   387 | D        | Killed a shadow
   387 | D        | Reached skill level 9 in Dodging
   389 | D        | Killed a hornet
   389 | D        | Reached skill level 13 in Polearms
   394 | D        | Killed a troll
   394 | D        | Reached XP level 8. HP: 25/50 MP: 8/8
   683 | D        | Got the Catalogue of Aid
   690 | D        | Noticed a komodo dragon
   690 | D        | Noticed a six-headed hydra
   695 | D        | Reached skill level 14 in Polearms
   696 | D        | Noticed a komodo dragon
   705 | D        | Killed a komodo dragon
   706 | D        | Noticed a blink frog
   708 | D        | Noticed a five-headed hydra
   710 | D        | Reached skill level 12 in Dodging
   721 | D        | HP: 3/50 [ten-headed hydra (15)]
   721 | D        | HP: 1/50 [ten-headed hydra (2)]
   735 | D        | HP: 4/50 [14-headed hydra (11)]
   735 | D        | Mangled by a 14-headed hydra

Levels and vault maps discovered:
D:        linesprint [early_d, line_temple, items_1, d_10, items_2, lair_1,
          lair_end, items_3, orc_1, orc_end, items_4, d_15, swamp_1, shoals_1,
          snake_1, spider_1, d_20, vaults_1, items_5, swamp_end, shoals_end,
          snake_end, spider_end, vaults_end, d_27, items_6, zot_1, zot_end,
          crypt_end, forest_end, elf_end, slime_end, tomb_end, abyss_end,
          pan_hell_end]

Action                   |  1- 3 |  4- 6 |  7- 9 || total
-------------------------+-------+-------+-------++-------
Melee: Trident           |    23 |     2 |       ||    25
       Tentacles         |     2 |     3 |     9 ||    14
       Constrict         |     2 |     5 |     1 ||     8
       Halberd           |       |    34 |    49 ||    83
Invok: Potion Petition   |       |       |     2 ||     2
  Use: Potion            |     1 |     1 |     7 ||     9
       Scroll            |       |       |     1 ||     1
 Stab: Sleeping          |     4 |     2 |       ||     6
       Invisible         |       |       |    11 ||    11
Armor: Skin              |     1 |     2 |     2 ||     5
Dodge: Dodged            |     9 |    16 |    62 ||    87
